 Dungeon Crawl Stone Soup version 0.32-a0-872-g59262bdc9b (webtiles) character file.

Game seed: 1561538886666534579

893 pokeman the Thaumaturge (level 7, -2/40 HPs)
             Began as a Deep Elf Hedge Wizard on Mar 30, 2024.
             Was an Initiate of Vehumet.
             Slain by a kobold brigand
             ... wielding a +0 short sword
              (4 damage)
             ... on level 5 of the Dungeon.
             The game lasted 00:10:07 (5664 turns).

pokeman the Thaumaturge (Deep Elf Hedge Wizard)     Turns: 5664, Time: 00:10:08

Health: -2/40      AC:  3    Str:  7    XL:     7   Next: 78%
Magic:  13/21      EV: 12    Int: 21    God:    Vehumet [......]
Gold:   386        SH:  0    Dex: 14    Spells: 16/24 levels left

rFire   . . .        x - +5 sling "Dukluphieb" {flame, rCorr}
rCold   . . .        (no shield)
rNeg    . . .        b - +0 robe
rPois   .            c - +0 hat
rElec   .            (no cloak)
rCorr   +            v - +0 pair of gloves
SInv    .            (no boots)
Will    .....        (no amulet)
Stlth   +            (no ring)
HPRegen 0.26/turn    (no ring)
MPRegen 0.17/turn

%: no passive effects
@: confused, very slightly contaminated
A: no striking features
a: Renounce Religion


You were on level 5 of the Dungeon.
You worshipped Vehumet.
Vehumet was noncommittal.
You visited 2 branches of the dungeon, and saw 7 of its levels.

You collected 386 gold pieces.

Inventory:

Hand Weapons
 x - the +5 sling "Dukluphieb" (weapon) {flame, rCorr}
   (You found it on level 5 of the Dungeon)

   rCorr:     It protects you from acid and corrosion.
Missiles
 e - 5 curare-tipped darts
Armour
 b - a +0 robe (worn)
 c - a +0 hat (worn)
 v - a +0 pair of gloves (worn)
 w - a +2 buckler
Jewellery
 l - a ring of fire
Wands
 u - a wand of mindburst (13)
Scrolls
 a - 5 scrolls of identify {unknown}
 i - a scroll of silence {unknown}
 j - a scroll of teleportation {unknown}
 q - a scroll of butterflies {unknown}
 r - 3 scrolls of vulnerability {unknown}
 s - a scroll of poison {unknown}
 t - a scroll of fog {unknown}
 y - a scroll of brand weapon {unknown}
Potions
 d - a potion of magic
 f - a potion of ambrosia {unknown}
 g - 2 potions of curing {unknown}
 h - a potion of degeneration {unknown}
 k - 2 potions of brilliance {unknown}
 m - 2 potions of lignification {unknown}
 n - 2 potions of enlightenment {unknown}
 o - 3 potions of heal wounds {unknown}
 p - 3 potions of attraction {unknown}
 z - a potion of invisibility {unknown}


   Skills:
 - Level 2.0 Fighting
 + Level 2.0 Armour
 - Level 3.0 Dodging
 - Level 3.0 Stealth
 * Level 9.0 Spellcasting
 + Level 4.6 Conjurations
 - Level 1.1 Summonings
 - Level 1.1 Translocations
 - Level 1.0 Air Magic
 - Level 1.0 Alchemy
 - Level 1.0 Evocations


You had 16 spell levels left.
You knew the following spells:

 Your Spells              Type           Power      Damage    Failure   Level
a - Magic Dart            Conj           100%       1d8       1%          1
b - Mephitic Cloud        Conj/Alch/Air  18%        N/A       9%          3
c - Call Imp              Summ           28%        N/A       7%          2
d - Blink                 Tloc           28%        N/A       7%          2

Your spell library contained the following spells:

 Spells                   Type           Power      Damage    Failure   Level
 Apportation              Tloc           28%        N/A       4%          1
 Slow                     Hex            36%        N/A       7%          1
 Cigotuvi's Dreadful Rot  Necr/Alch/Air  24%        N/A       9%          2
 Jinxbite                 Hex            18%        N/A       11%         2
 Alistair's Intoxication  Alch           8%         N/A       78%         5


Dungeon Overview and Level Annotations

Branches:
Dungeon (6/15)             Temple (1/1) D:4

Altars:
Ashenzari
Dithmenos
Elyvilon
Gozag
Hepliaklqana
Kikubaaqudgha
Makhleb
Nemelex Xobeh
Okawaru
Qazlal
Sif Muna
Trog
Vehumet
Xom
Zin
The Shining One

Annotations:
D:6 Menkaure


Message History

You blink.
Unknown command.
Casting: Blink (safe; 7% risk of failure)
Confirm with . or Enter, or press ? or * to list all spells.
Aiming: Mephitic Cloud (dangerous; 9% risk of failure)
Press: ? - help, Shift-Dir - straight line, f - gnoll
Aim: a gnoll, wielding a +0 flail (covering ground quickly, chance to affect: 91%)
You miscast Mephitic Cloud.
You are very lightly contaminated with residual magic.
There is a short, sharp shower of sparks!
* * * LOW HITPOINT WARNING * * *
Unknown command.
Casting: Mephitic Cloud (dangerous; 9% risk of failure)
Confirm with . or Enter, or press ? or * to list all spells.
Aiming: Mephitic Cloud (dangerous; 9% risk of failure)
Press: ? - help, Shift-Dir - straight line, f/p - gnoll
Aim: a gnoll, wielding a +0 flail (covering ground quickly, chance to affect: 91%)
The ball explodes into a vile cloud!
The stinking cloud engulfs the gnoll.
The stinking cloud engulfs the gnoll bouda.
The stinking cloud engulfs the kobold.
The stinking cloud engulfs the kobold brigand.
The stinking cloud engulfs you.
You are engulfed in noxious fumes.
You choke on the stench!
You are confused.
The gnoll is engulfed in noxious fumes.
The gnoll appears confused.
The gnoll bouda hits you with a +0 club!
* * * LOW HITPOINT WARNING * * *
The kobold hits you but does no damage. The kobold brigand closely misses you.
Unknown command.
Unknown command.
You are engulfed in noxious fumes.
You choke on the stench!
You are more confused.
The gnoll bouda hits you with a +0 club.
* * * LOW HITPOINT WARNING * * *
The kobold brigand barely misses you. The kobold barely misses you.
Unknown command.
You are engulfed in noxious fumes.
You feel ready to blink again.
The kobold brigand hits you with a +0 short sword.
You die...

.....##...#######.............#
#####################......[..#
.♣.ß.ß.ß.♣.ß.ß.ß.ß.ß.........##
......................##..####
.ß.ß.ß.ß.♣.ß.ß.ß.ß.♣...÷...#
#####################...#..#
##.# #####...§#..........#
#..###..÷...KgK........###
#........#.g..@.......##
#......###..........###
#....#.##..........##
#...#######.......## #####
#........# #.......##
##.......# ###....## ##..##


You could see a kobold brigand, a gnoll bouda, a gnoll (swift, confused) and a
kobold.

Vanquished Creatures
  A wyvern (D:5)
  An ogre (D:6)
  A black bear (D:5)
  A scorpion (D:5)
  3 bombardier beetles
  2 hounds
  An orc priest (D:5)
  2 iguanas
  3 orc wizards
  3 gnolls (D:3)
  9 adders
  2 white imps
  3 dart slugs
  7 orcs
  A ball python (D:2)
  3 bats
  5 endoplasms
  A giant cockroach (D:2)
  3 hobgoblins
  6 quokkas
  2 frilled lizards (D:1)
  8 goblins
  6 kobolds
  6 rats
80 creatures vanquished.

Vanquished Creatures (collateral kills)
  A gnoll (D:3)
1 creature vanquished.

Grand Total: 81 creatures vanquished

Notes
Turn   | Place    | Note
-------+----------+-------------------------------------------
     0 | D:1      | pokeman the Deep Elf Hedge Wizard began the quest for the
                  | Orb.
     0 | D:1      | Reached XP level 1. HP: 10/10 MP: 7/7
   577 | D:1      | Reached XP level 2. HP: 16/16 MP: 7/9
  1342 | D:2      | Reached skill level 5 in Spellcasting
  1746 | D:2      | Reached XP level 3. HP: 20/20 MP: 6/11
  1750 | D:2      | Learned a level 3 spell: Mephitic Cloud
  1753 | D:2      | Learned a level 2 spell: Call Imp
  1756 | D:2      | Learned a level 2 spell: Blink
  2320 | D:2      | Reached skill level 1 in Fighting
  2320 | D:2      | Reached skill level 1 in Armour
  2986 | D:3      | Reached XP level 4. HP: 25/25 MP: 13/13
  3306 | D:3      | Found a shimmering blue altar of Sif Muna.
  3634 | D:4      | Reached skill level 6 in Spellcasting
  3634 | D:4      | Reached XP level 5. HP: 24/29 MP: 9/15
  3658 | D:4      | Found a bloodstained altar of Trog.
  3887 | D:4      | Reached skill level 1 in Air Magic
  4099 | D:4      | Reached skill level 1 in Alchemy
  4099 | D:4      | Reached skill level 1 in Evocations
  4114 | D:4      | Reached XP level 6. HP: 27/34 MP: 2/17
  4389 | D:4      | Found a staircase to the Ecumenical Temple.
  4402 | Temple   | Entered the Ecumenical Temple
  4413 | Temple   | Became a worshipper of Vehumet
  4451 | D:4      | Found a hazy altar of Hepliaklqana.
  4607 | D:5      | Entered Level 5 of the Dungeon
  4613 | D:5      | Noticed a wyvern
  4638 | D:5      | Reached skill level 7 in Spellcasting
  4646 | D:5      | Killed a wyvern
  4779 | D:5      | Reached XP level 7. HP: 39/39 MP: 13/20
  4849 | D:5      | Reached skill level 8 in Spellcasting
  4966 | D:5      | Identified the +5 sling "Dukluphieb" {flame, rCorr}
  5360 | D:5      | Found a shimmering altar of Xom.
  5361 | D:5      | Found an ancient bone altar of Kikubaaqudgha.
  5595 | D:6      | Reached skill level 9 in Spellcasting
  5597 | D:6      | Noticed Menkaure
  5663 | D:5      | HP: 2/40 [gnoll bouda/+0 club (2)]
  5664 | D:5      | Slain by a kobold brigand

Illustrated notes

Levels and vault maps discovered:
D:1:      roderic_octagonal_star, layout_basic, nicolae_figureground_sparkle
D:2:      layout_loops_corners
D:3:      wad_crossroads, layout_basic, mainiacjoe_overflow_six_doors_small
D:4:      layout_cave_pools, trog_butcher_becter, kennysheep_mini,
          minmay_temple_entry_junction
D:5:      layout_cave_pools, mainiacjoe_overflow_divided_tiny, chequers_avenue,
          minmay_gold_behind_fungi
D:6:      layout_gridville, nicolae_wu_jian_immortal_techniques,
          portal_sewer_entry_e, uniq_menkaure
Temple:   jpeg_temple_clearing

Skill      XL: |  1  2  3  4  5  6  7 |
---------------+----------------------+-----
Spellcasting   | 5 6 7 9 |  9.0
Fighting       | 1 2 |  2.0
Armour         | 1 2 |  2.0
Conjurations   | 2 3 4 |  4.6
Stealth        | 3 |  3.0
Dodging        | 3 |  3.0
Air Magic      | 1 |  1.0
Alchemy        | 1 |  1.0
Evocations     | 1 |  1.0
Summonings     | |  1.1
Translocations | |  1.1

Action                     |  1- 3 |  4- 6 |  7- 9 || total
---------------------------+-------+-------+-------++-------
  Melee: Flail             |     3 |    35 |    14 ||    52
   Fire: Sling             |       |       |    25 ||    25
   Cast: Magic Dart        |    93 |    64 |    19 ||   176
         Mephitic Cloud    |       |    13 |     7 ||    20
         Call Imp          |       |     1 |       ||     1
         Blink             |       |     2 |     1 ||     3
   Stab: Sleeping          |     1 |     1 |       ||     2
         Confused          |       |     4 |     2 ||     6
 Armour: Robe              |     9 |    49 |    32 ||    90
  Dodge: Dodged            |    12 |    50 |    21 ||    83

Table legend: (Time is in decaauts)
 A = Elapsed time spent in this place.
 B = Non-inter-level travel time spent in this place.
 C = Inter-level travel time spent in this place.
 D = Time resting spent in this place.
 E = Time spent auto-exploring this place.
 F = Levels seen in this place.
 G = Mean time per level.
                   A        B        C        D        E       F      G
               +--------+--------+--------+--------+--------+-----+--------+
         Total |   5696 |   5476 |    220 |    236 |   4515 |   7 |  813.7 |
       Dungeon |   5673 |   5463 |    210 |    236 |   4515 |   6 |  945.5 |
        Temple |     22 |     12 |     10 |      0 |      0 |   1 |   22.0 |
               +--------+--------+--------+--------+--------+-----+--------+

Top non-repeatable levels by time:
     D:3: 1341 daAuts
     D:1: 1267 daAuts
     D:2: 1178 daAuts
     D:5: 944 daAuts
     D:4: 913 daAuts
     D:6: 28 daAuts
  Temple: 22 daAuts
